 Dungeon Crawl Stone Soup version 0.24.0-123-gd5b16e6ec5 (webtiles) character file.

Game seed: 6314090501059304699, levelgen mode: deterministic

70738 Chiseanne the Blocker (level 14, -13/110 HPs)
             Began as a Demonspawn Wanderer on Jan 20, 2020.
             Was an Initiate of Gozag.
             Killed from afar by a tengu reaver (25 damage)
             ... with a bolt of poison
             ... on level 14 of the Dungeon.
             The game lasted 01:49:45 (34939 turns).

Chiseanne the Blocker (Demonspawn Wanderer)        Turns: 34939, Time: 01:49:45

Health: -13/110    AC: 16    Str: 24    XL:     14   Next: 95%
Magic:  2/29       EV: 20    Int: 15    God:    Gozag
Gold:   621        SH: 11    Dex: 18    Spells: 17/35 levels left

rFire    + + .     SeeInvis .   a - +7 whip (elec)
rCold    + . .     Gourm    .   r - +3 buckler {rF+}
rNeg     + . .     Faith    .   U - +2 robe {rC+}
rPois    .         Spirit   .   (helmet restricted)
rElec    .         Reflect  .   q - +1 cloak
rCorr    .         Harm     .   y - +1 pair of gloves
MR       ++++.     Clarity  +   O - +0 pair of boots
Stlth    ++........             o - amulet of the Four Winds {rN+ MR+++ Clar}
HPRegen  0.28/turn              S - ring "Jiloxiu" {+Inv AC+3 Slay+2}
MPRegen  0.21/turn              L - ring "Leloasy" {*Slow rF+ Str+5 Dex+3}

@: mighty, lethally poisoned (-13 -> -30), very slightly contaminated
A: antennae 2, icy blue scales 2, foul stench 1, powered by pain 2, augmentation
1, rot immunity
a: Potion Petition, Call Merchant, Bribe Branch, Renounce Religion, Evoke
Invisibility


You were on level 14 of the Dungeon.
You worshipped Gozag.
Gozag was pleased with you.
You were not hungry.

You visited 4 branches of the dungeon, and saw 22 of its levels.

You collected 6696 gold pieces.
You spent 2942 gold pieces at shops.
You paid 3133 gold pieces to Gozag.

Inventory:

Hand Weapons
 a - a +7 whip of electrocution (weapon)
 e - a +3 hunting sling of flaming
 s - a +2 short sword of venom
 w - a +3 scimitar of flaming
Missiles
 d - 3 curare-tipped darts
 u - 11 javelins (quivered)
 E - 5 throwing nets
 H - 24 boomerangs
 I - 247 arrows
 N - 97 sling bullets
Armour
 q - a +1 cloak (worn)
 r - a +3 buckler of fire resistance (worn)
 y - a +1 pair of gloves (worn)
 A - the +3 robe "Damnable Contraption" {*Drain rPois rC- Regen+}
   (You found it on level 5 of the Dungeon)

   It makes you vulnerable to cold.
   It protects you from poison.
   It increases your rate of regeneration.
   It causes draining when unequipped.
 O - a +0 pair of boots (worn)
 T - a +2 robe of the Archmagi
 U - a +2 robe of cold resistance (worn)
 Z - a +2 leather armour of poison resistance
Jewellery
 o - the amulet of the Four Winds (around neck) {rN+ MR+++ Clar}
   (You bought it in a shop on level 9 of the Dungeon)

   [amulet of nothing]

   It protects you from negative energy.
   It affects your resistance to hostile enchantments.
   It protects you against confusion.
 p - an uncursed ring of wizardry
 v - the ring of Iproemm {Fire rElec SInv}
   (You bought it in a shop on level 9 of the Dungeon)

   [ring of fire]

   It enhances your fire magic.
   It protects you from fire.
   It makes you vulnerable to cold.
   It insulates you from electricity.
   It lets you see invisible.
 K - the ring of Egyhikhi {rPois MR+ Int-3 Dex+6}
   (You found it on level 6 of the Lair of Beasts)

   [ring of protection from magic]

   It affects your intelligence (-3).
   It affects your dexterity (+6).
   It protects you from poison.
   It affects your resistance to hostile enchantments.
 L - the ring "Leloasy" (right hand) {*Slow rF+ Str+5 Dex+3}
   (You bought it in a shop on level 11 of the Dungeon)

   [ring of strength]

   It affects your strength (+5).
   It affects your dexterity (+3).
   It protects you from fire.
   It may slow you when you take damage.
 M - a +5 ring of protection
 S - the ring "Jiloxiu" (left hand) {+Inv AC+3 Slay+2}
   (You found it on level 10 of the Dungeon)

   [ring of protection]

   It affects your AC (+3).
   It affects your accuracy and damage with ranged weapons and melee attacks
   (+2).
   It lets you turn invisible.
Wands
 t - a wand of disintegration (7)
 C - a wand of flame (65)
 D - a wand of random effects (38)
Scrolls
 g - a scroll of immolation
 h - 12 scrolls of remove curse
 m - 2 scrolls of amnesia
 n - a scroll of magic mapping
 B - 2 scrolls of fog
 F - 7 scrolls of identify
 G - 12 scrolls of teleportation
 P - a scroll of blinking
 V - 2 scrolls of enchant armour
Potions
 c - 8 potions of curing
 j - a potion of berserk rage
 k - 5 potions of cancellation
 l - 6 potions of mutation
 x - 5 potions of lignification
 z - 5 potions of flight
 J - 3 potions of magic
 Q - 2 potions of brilliance
 W - 2 potions of ambrosia
 X - 2 potions of heal wounds
Miscellaneous
 b - a lamp of fire
Comestibles
 R - 15 rations


   Skills:
 - Level 10.2 Fighting
   Level 1.0 Staves
 - Level 6.3 Armour
 * Level 9.9 Dodging
 * Level 12.1 Shields
 * Level 11.3 Spellcasting
 - Level 5.6 Conjurations
 - Level 3.7 Translocations
 - Level 4.3 Transmutations
   Level 1.0 Ice Magic
 - Level 4.1 Air Magic
 * Level 4.6 Poison Magic
 - Level 5.6 Evocations


You had 17 spell levels left.
You knew the following spells:

 Your Spells              Type           Power        Failure   Level  Hunger
a - Sticks to Snakes      Tmut           ###.....     2%          2    None
b - Blink                 Tloc           N/A          2%          2    None
c - Mephitic Cloud        Conj/Pois/Air  ###.....     3%          3    None
d - Ignite Poison         Fire/Tmut/Pois ###.....     8%          3    None
e - Summon Lightning Spi  Summ/Air       ##......     34%         4    ###....
f - Olgreb's Toxic Radia  Pois           ###.....     13%         4    ###....

Your spell library contained the following spells:

 Spells                   Type           Power        Failure   Level  Hunger
 Beastly Appendage        Tmut           ###...       1%          1    None
 Magic Dart               Conj           ####         1%          1    None
 Sting                    Conj/Pois      ###.         1%          1    None
 Poisonous Vapours        Pois/Air       ###...       1%          2    None
 Spider Form              Tmut/Pois      ###.......   4%          3    None
 Conjure Flame            Conj/Fire      ###.....     8%          3    None
 Summon Small Mammal      Summ           #...         9%          1    None
 Call Imp                 Summ           #.......     13%         2    None
 Slow                     Hex            #.......     13%         2    None
 Throw Icicle             Conj/Ice       ###.....     22%         4    ###....
 Call Canine Familiar     Summ           #.......     26%         3    None
 Summon Guardian Golem    Hex/Summ       #.......     26%         3    None
 Ice Form                 Ice/Tmut       ###.....     28%         4    ###....
 Venom Bolt               Conj/Pois      ###.......   28%         5    #####..
 Irradiate                Conj/Tmut      ###.......   30%         5    #####..
 Blade Hands              Tmut           ###.......   36%         5    #####..
 Summon Ice Beast         Ice/Summ       ##......     56%         4    ###....
 Fireball                 Conj/Fire      ###.......   58%         5    #####..
 Bolt of Fire             Conj/Fire      ###.......   99%         6    ######.
 Ring of Flames           Chrm/Fire      #.........   100%        7    #######
 Ignition                 Fire           #.........   100%        8    #######


Dungeon Overview and Level Annotations

Branches:
Dungeon (14/15)            Temple (1/1) D:6            Lair (6/6) D:11
 Shoals (0/4) Lair:4       Spider (0/4) Lair:4        Slime (0/5) Lair:5
    Orc (1/2) D:11
 Vaults: D:13-14

Altars:
Ashenzari
Cheibriados
Dithmenos
Elyvilon
Fedhas
Gozag
Hepliaklqana
Kikubaaqudgha
Makhleb
Nemelex Xobeh
Okawaru
Qazlal
Ru
Sif Muna
Trog
Vehumet
Wu Jian
Xom
Yredelemnul
Zin
The Shining One
Jiyva

Shops:
D:9 =   D:11 =[

Annotations:
D:5 2 transporters
Lair:1 exclusion: oklob plant
Lair:3 exclusion: oklob plant


Innate Abilities, Weirdness & Mutations

You have a pair of antennae on your head.
You are mostly covered in icy blue scales. (AC +3)
You may emit foul miasma when damaged in melee.
You sometimes gain power by taking damage.
Your magical and physical power is slightly enhanced at high health.
You are immune to rotting.


Message History

Aiming: Mephitic Cloud (safe; 3% risk of failure)
Press: ? - help, Shift-Dir - straight line, f/p - tengu reaver
Aim: a tengu reaver, wielding a +0 great sword and wearing a +3 ring mail of magic resistance (heavily wounded, confused)
The ball explodes into a vile cloud!
The stinking cloud engulfs the tengu reaver but does no damage.
The tengu reaver is heavily wounded.
The tengu reaver seems less confused.
The tengu reaver is engulfed in noxious fumes.
Casting: Mephitic Cloud (safe; 3% risk of failure)
Confirm with . or Enter, or press ? or * to list all spells.
You blink.
You feel sick.
Casting: Blink (safe; 2% risk of failure)
Confirm with . or Enter, or press ? or * to list all spells.
You ignite the poison in your surroundings!
The tengu reaver is engulfed in blazing flames.
The tengu reaver gestures at you while chanting.
The bolt of poison hits you!!
You are lethally poisoned!
You die...
Your body crumbles into a pile of gold.

###########
###.........###########
>.>.##..........@..Q..#
........###..##########
###.#...###..){..# #
#.........##...# ## #
#.#...######...# .# #
#.##.## #{..# |# .
..##.# #...####'#
######.# #...Q...$# #
#+# #...*....#


You could see a tengu reaver.

Vanquished Creatures
  A tengu reaver (D:14)
  A storm dragon (D:12)
  A fire giant (D:14)
  Azrael (D:12)
  2 ettins (D:12)
  An ettin (shapeshifter) (D:12)
  Snorg (D:11)
  2 fire dragons
  Josephine (D:11)
  Harold (D:10)
  5 hydras
  Fannar (Lair:2)
  A centaur warrior (D:14)
  3 two-headed ogres
  Urug (Lair:2)
  2 tengu warriors (D:13)
  A sea snake (Lair:6)
  A glowing orange brain (shapeshifter) (D:12)
  A flayed ghost (D:12)
  A wizard (D:12)
  An unseen horror (D:10)
  Pikel (D:9)
  A deep elf mage (D:12)
  A wolf spider (Lair:4)
  2 manticores
  An ugly thing (D:13)
  6 elephants
  A cyclops (D:13)
  Joseph (D:10)
  Maurice (D:7)
  4 black mambas
  A merfolk siren (Lair:4)
  Psyche (D:12)
  2 centaur zombies
  A centaur skeleton (D:12)
  11 spiny frogs
  A redback zombie (D:13)
  A kobold demonologist (D:12)
  4 rime drakes
  9 komodo dragons
  A freezing wraith (D:12)
  A jumping spider (Lair:4)
  3 merfolk (Lair:4)
  5 trolls
  A wind drake (Lair:6)
  4 hornets
  22 blink frogs
  13 hippogriffs
  8 polar bears
  5 slime creatures
  A dream sheep (Lair:1)
  A redback (Lair:4)
  A shadow (D:12)
  56 yaks
  5 wraiths (D:11)
  4 wyverns
  A basilisk (D:11)
  Grum (D:9)
  4 fire elementals (D:12)
  A hungry ghost (D:11)
  3 porcupines
  11 water moccasins
  3 slaves (D:9)
  5 orc warriors
  3 sky beasts
  7 ice beasts
  4 black bears
  An eye of draining (D:12)
  4 phantoms
  10 ogres
  18 wolves
  8 centaurs
  12 crocodiles
  2 big kobolds
  18 bullfrogs
  2 wyvern skeletons
  A water moccasin zombie (D:6)
  8 scorpions
  An electric eel (D:10)
  19 wights
  5 howler monkeys
  A bullfrog zombie (D:6)
  5 crimson imps
  2 quasits
  A hound (D:9)
  5 jellies
  6 orc priests
  9 orc wizards
  A bullfrog skeleton (D:9)
  5 iguanas
  11 worker ants
  A killer bee zombie (D:10)
  A hound zombie (D:8)
  A hound skeleton (D:5)
  3 worker ant zombies
  9 adders
  5 gnolls
  A howler monkey skeleton (D:10)
  4 shadow imps
  5 oozes (D:9)
  2 adder zombies
  3 adder skeletons
  5 worms
  A dart slug (D:2)
  4 leopard geckos
  47 orcs
  A ball python (D:5)
  7 bats
  6 giant cockroaches
  7 goblins
  5 hobgoblins
  9 jackals
  2 quokkas
  6 frilled lizards
  A jackal skeleton (D:6)
  16 kobolds
  A leopard gecko zombie (D:6)
  A quokka skeleton (D:8)
  2 rats (D:1)
  2 butterflies (Lair:2)
  A fungus (Lair:6)
  3 plants
571 creatures vanquished.

Vanquished Creatures (collateral kills)
  A hydra (Lair:6)
  A merfolk avatar (Lair:6)
  2 elephants (Lair:6)
  A rime drake (Lair:6)
  A polar bear (Lair:6)
  2 wind drakes (Lair:6)
  A blink frog (Lair:6)
  An orc (D:10)
10 creatures vanquished.

Vanquished Creatures (others)
  A rime drake (Lair:2)
  An orc (D:13)
  20 fungi
  27 plants
49 creatures vanquished.

Grand Total: 630 creatures vanquished

Notes
Turn   | Place    | Note
-------+----------+-------------------------------------------
     0 | D:1      | Chiseanne the Demonspawn Wanderer began the quest for the
                  | Orb.
     0 | D:1      | Chiseanne set off with the following items: a +0
                  | quarterstaff, a lamp of fire, a potion of curing, a +0
                  | robe, a ration
     0 | D:1      | Reached XP level 1. HP: 13/13 MP: 2/2
   475 | D:1      | Reached skill level 1 in Fighting
   475 | D:1      | Gained mutation: You sometimes gain a little power by
                  | taking damage. [demonic ancestry]
   475 | D:1      | Reached XP level 2. HP: 8/21 MP: 3/3
  1310 | D:2      | Gained mutation: You are partially covered in icy blue
                  | scales. (AC +2) [demonic ancestry]
  1310 | D:2      | Reached XP level 3. HP: 16/26 MP: 4/4
  2313 | D:2      | Found a shattered altar of Ashenzari.
  2418 | D:3      | Gained mutation: You have a pair of small antennae on your
                  | head. [demonic ancestry]
  2418 | D:3      | Reached XP level 4. HP: 32/33 MP: 5/5
  2629 | D:3      | Reached skill level 1 in Armour
  3058 | D:4      | Gained mutation: You have a pair of antennae on your head.
                  | [demonic ancestry]
  3058 | D:4      | Reached XP level 5. HP: 25/38 MP: 6/6
  3584 | D:3      | Found an iron altar of Okawaru.
  3586 | D:3      | Found a hazy altar of Hepliaklqana.
  3611 | D:3      | Found a radiant altar of Vehumet.
  3611 | D:3      | Found a stormy altar of Qazlal.
  4199 | D:4      | Noticed an ogre
  4223 | D:4      | Killed an ogre
  4223 | D:4      | Reached XP level 6. HP: 46/46 MP: 8/8
  4441 | D:4      | Found a basalt altar of Yredelemnul.
  4717 | D:4      | Reached skill level 2 in Shields
  5353 | D:4      | Gained mutation: You are immune to rotting. [demonic
                  | ancestry]
  5353 | D:4      | Reached XP level 7. HP: 36/52 MP: 9/9
  5830 | D:5      | Entered Level 5 of the Dungeon
  5854 | D:5      | Found a transporter.
  5855 | D:5      | Found a transporter.
  5855 | D:5      | Noticed a troll
  5866 | D:5      | Noticed a green ugly thing
  5868 | D:5      | Found an ornate altar of the Wu Jian Council.
  6091 | D:5      | Got a faintly glowing robe
  6092 | D:5      | Identified the +3 robe "Damnable Contraption" {*Drain rPois
                  | rC- Regen+} (You found it on level 5 of the Dungeon)
  7248 | D:6      | Reached skill level 3 in Shields
  7457 | D:6      | Reached XP level 8. HP: 58/60 MP: 11/11
  7841 | D:6      | Found a staircase to the Ecumenical Temple.
  7857 | Temple   | Entered the Ecumenical Temple
  8036 | Temple   | Became a worshipper of Gozag Ym Sagoz the Greedy
  8180 | D:6      | Reached skill level 5 in Evocations
  8362 | D:6      | Found an ancient bone altar of Kikubaaqudgha.
  8373 | D:6      | Reached skill level 5 in Dodging
  8392 | D:6      | Reached skill level 5 in Fighting
  8620 | D:7      | Reached skill level 4 in Shields
  9082 | D:7      | Reached XP level 9. HP: 38/68 MP: 13/13
  9560 | D:7      | Found a shimmering altar of Xom.
  9649 | D:7      | Found Erecadips's Book Shoppe.
 10003 | D:7      | Learned a level 2 spell: Sticks to Snakes
 10256 | D:8      | Noticed Maurice
 10279 | D:7      | Killed Maurice
 10279 | D:7      | Reached skill level 5 in Armour
 10279 | D:7      | Reached skill level 1 in Transmutations
 10457 | D:8      | Reached skill level 5 in Shields
 10754 | D:8      | Found a snail-covered altar of Cheibriados.
 11065 | D:8      | Learned a level 2 spell: Blink
 11183 | D:9      | Gained mutation: You are mostly covered in icy blue scales.
                  | (AC +3) [demonic ancestry]
 11183 | D:9      | Reached XP level 10. HP: 66/77 MP: 14/14
 11243 | D:9      | Noticed Grum
 11265 | D:9      | Killed Grum
 11778 | D:9      | Noticed a two-headed ogre
 11813 | D:9      | Killed a two-headed ogre
 11813 | D:9      | Reached skill level 6 in Shields
 11832 | D:9      | Noticed Pikel
 11844 | D:9      | Killed Pikel
 11906 | D:9      | Learned a level 3 spell: Mephitic Cloud
 11934 | D:9      | Found a sparkling altar of Nemelex Xobeh.
 11938 | D:9      | Found a bloodstained altar of Trog.
 12215 | D:10     | Entered Level 10 of the Dungeon
 12371 | D:9      | Reached skill level 1 in Poison Magic
 12390 | D:9      | Reached skill level 1 in Translocations
 12390 | D:9      | Reached skill level 1 in Air Magic
 12580 | D:9      | Bought the amulet of the Four Winds {rN+ MR+++ Clar} for
                  | 482 gold pieces
 12580 | D:9      | Found the amulet of the Four Winds {rN+ MR+++ Clar}
 12590 | D:10     | Noticed Harold
 12646 | D:10     | Killed Harold
 12646 | D:10     | Reached XP level 11. HP: 10/84 MP: 16/18
 13068 | D:10     | Killed an unseen horror
 13245 | D:10     | Noticed Joseph
 13262 | D:10     | Killed Joseph
 13262 | D:10     | Reached skill level 5 in Spellcasting
 13389 | D:10     | Got a heavily runed wooden ring
 13439 | D:10     | Identified the ring "Jiloxiu" {+Inv AC+3 Slay+2} (You found
                  | it on level 10 of the Dungeon)
 13593 | D:11     | Noticed a six-headed hydra
 13608 | D:10     | Killed a six-headed hydra
 13756 | D:11     | Found a staircase to the Orcish Mines.
 13768 | D:11     | Reached skill level 7 in Shields
 13875 | D:11     | Noticed Josephine
 13917 | D:11     | Killed Josephine
 14040 | D:11     | Reached skill level 5 in Conjurations
 14138 | D:11     | Found a staircase to the Lair.
 14146 | D:11     | Noticed a six-headed hydra
 14161 | D:11     | Killed a six-headed hydra
 14835 | D:11     | Noticed Snorg
 14863 | D:11     | Killed Snorg
 14863 | D:11     | Gained mutation: You may emit foul miasma when damaged in
                  | melee. [demonic ancestry]
 14863 | D:11     | Reached XP level 12. HP: 79/91 MP: 1/21
 15966 | D:12     | Noticed an ettin
 16004 | D:12     | Killed an ettin
 16004 | D:12     | Reached skill level 8 in Shields
 16310 | D:12     | Identified a scroll of acquirement
 16336 | D:11     | Bought a cursed ring of attention for 63 gold pieces
 16343 | D:12     | Noticed a four-headed hydra
 16357 | D:12     | Killed a four-headed hydra
 16420 | D:12     | Noticed Psyche
 16674 | D:12     | Killed Psyche
 17032 | D:12     | Noticed an ettin
 17393 | D:12     | Noticed an ettin
 17448 | D:12     | Killed an ettin
 17448 | D:12     | Reached skill level 9 in Shields
 17744 | D:12     | Noticed a storm dragon
 18148 | D:11     | Bought the ring "Leloasy" {*Slow rF+ Str+5 Dex+3} for 782
                  | gold pieces
 18168 | Orc:1    | Entered Level 1 of the Orcish Mines
 18170 | Orc:1    | Noticed an orc warlord
 18313 | Lair:1   | Entered Level 1 of the Lair of Beasts
 19498 | Lair:1   | You fall into a shaft and drop 1 floor!
 19511 | Lair:2   | Gained mutation: You sometimes gain power by taking damage.
                  | [demonic ancestry]
 19511 | Lair:2   | Reached XP level 13. HP: 101/101 MP: 20/25
 20178 | Lair:1   | Learned a level 3 spell: Ignite Poison
 20273 | Lair:1   | Noticed a fire dragon
 20309 | Lair:1   | Killed a fire dragon
 21603 | Lair:2   | Reached skill level 10 in Fighting
 22258 | Lair:2   | Noticed Fannar
 22287 | Lair:2   | Killed Fannar
 22290 | Lair:2   | Reached skill level 10 in Shields
 23019 | Lair:3   | Noticed Urug
 23051 | Lair:2   | Killed Urug
 24746 | Lair:4   | Found a staircase to the Shoals.
 24998 | Lair:4   | Found a hole to the Spider Nest.
 27716 | Lair:5   | Found a staircase to the Slime Pits.
 27716 | Lair:5   | Found a viscous altar of Jiyva.
 27819 | Lair:5   | Gained mutation: Your magical and physical power is
                  | slightly enhanced at high health. [demonic ancestry]
 27819 | Lair:5   | Reached XP level 14. HP: 109/110 MP: 27/27
 28163 | Lair:6   | Entered Level 6 of the Lair of Beasts
 28176 | Lair:6   | Reached skill level 10 in Spellcasting
 28680 | Lair:6   | HP: 4/110 [rime drake/flash freeze (13)]
 28780 | Lair:6   | Reached skill level 11 in Shields
 30138 | Lair:6   | Paralysed by a hornet for 1 turns
 31422 | Lair:6   | Got a scorched ivory ring
 31431 | Lair:6   | Got a pitted zirconium amulet
 31738 | D:11     | Bought a potion of ambrosia for 104 gold pieces
 31738 | D:11     | Bought 2 potions of heal wounds for 130 gold pieces
 31740 | D:11     | Bought a +2 leather armour of poison resistance for 256
                  | gold pieces
 31745 | D:11     | Bought a potion of curing for 39 gold pieces
 31745 | D:11     | Bought 2 potions of might for 104 gold pieces
 31745 | D:11     | Bought a potion of agility for 52 gold pieces
 31745 | D:11     | Bought a potion of curing for 39 gold pieces
 31745 | D:11     | Bought a potion of ambrosia for 104 gold pieces
 31745 | D:11     | Bought a potion of cancellation for 104 gold pieces
 31745 | D:11     | Bought a potion of mutation for 104 gold pieces
 31745 | D:11     | Bought a potion of mutation for 104 gold pieces
 31817 | D:12     | Noticed Azrael
 31854 | D:12     | Killed Azrael
 32276 | D:12     | Identified the ring of Egyhikhi {rPois MR+ Int-3 Dex+6}
                  | (You found it on level 6 of the Lair of Beasts)
 32279 | D:12     | Identified the amulet of Awe {Inacc rN+ Dex+7 SInv} (You
                  | found it on level 6 of the Lair of Beasts)
 32301 | D:12     | Identified the Guide on Shifting Ice
 32494 | D:9      | Bought the ring of Iproemm {Fire rElec SInv} for 475 gold
                  | pieces
 33304 | D:12     | Killed a storm dragon
 34284 | D:13     | Reached skill level 12 in Shields
 34313 | D:13     | Learned a level 4 spell: Summon Lightning Spire
 34391 | D:13     | Got a heavily runed leather armour
 34392 | D:13     | Identified the +5 leather armour of Hadjma {+Fly rF- Str+5}
                  | (You found it on level 13 of the Dungeon)
 34750 | D:14     | Learned a level 4 spell: Olgreb's Toxic Radiance
 34860 | D:14     | Noticed a fire giant
 34872 | D:14     | Killed a fire giant
 34895 | D:14     | Noticed a tengu reaver
 34905 | D:14     | Killed a tengu reaver
 34906 | D:14     | Noticed a tengu reaver
 34939 | D:14     | Killed from afar by a tengu reaver

Levels and vault maps discovered:
D:1:      nzn_arrival_depleted_hourglass, layout_basic
D:2:      layout_loops_corners, lemuel_round_altar
D:3:      layout_loops_cross, nicolae_overflow_hidden_temple, first_ration
D:4:      layout_layer_cave, lemuel_doored_altar
D:5:      layout_cave_pools, gammafunk_temple_overflow_arena
D:6:      layout_loops_ring, nicolae_overflow_crystal_walls,
          minmay_temple_entry_glass, dk_noncrumbling_4
D:7:      layout_cave_pods, kennysheep_little_box, serial_shops,
          nicolae_shop_waterfront
D:8:      layout_rooms, cheibriados_altar_1, uniq_maurice
D:9:      layout_cave_pools, grunt_temple_overflow_open, grunt_decor_one_mirror,
          hangedman_little_slice_of_home, uniq_pikel, uniq_grum
D:10:     layout_roguey, fountainhead, hex_intersection, minmay_liquid_box,
          uniq_harold, uniq_joseph
D:11:     layout_irregular_city, lair_entry_dummy, david_orc_2,
          serial_co_window_serial, co_window_of_opportunity_a,
          co_window_of_opportunity_a, co_window_paths_b, co_window_paths_a,
          co_window_cross_1, co_window_unsneaky_path_a, co_window_corner_cb,
          co_window_broadway_c, co_window_broadway_c, co_window_broadway_b,
          co_window_unsneaky_path_c, glass_columns_a, glass_columns_a,
          glass_columns_a, glass_columns_a, glass_columns_a, solitary_fountain,
          uniq_josephine, uniq_snorg
D:12:     minmay_octo_star, layout_gridville, uniq_azrael, uniq_psyche
D:13:     layout_grid_maze
D:14:     minmay_shrinking_squares, layout_loops_corners, david_vaults_1,
          minmay_misc_feat_x
Temple:   compressed_dpeg_triangle_lava_temple
Lair:1:   dragon1_lemuel, layout_hall_layers, nicolae_volcano_entry_hallway,
          hangedman_lair_generics_rect, minmay_lair_oklob_chamber
Lair:2:   layout_chaotic_city, serial_bayou_shore_b, serial_bayou_shore_a,
          lemuel_fruit_fields, grunt_megastairs_4, uniq_fannar
Lair:3:   layout_chaotic_city, uniq_urug
Lair:4:   layout_roguey, elwin_shoals_entry_stream,
          spider_nest_entry_funnel_web, serial_forest,
          infiniplex_forest_zigzag_2, infiniplex_forest_clump_diagonal,
          infiniplex_forest_end_1, infiniplex_forest_lined_2,
          infiniplex_forest_3_way, infiniplex_forest_join,
          infiniplex_forest_clump_C, beast_lair_carwin_4
Lair:5:   layout_gridlike, slime_altar_1
Lair:6:   gammafunk_lair_ancient_temple, layout_regular_city
Orc:1:    layout_caves

Skill      XL: |  1  2  3  4  5  6  7  8  9 10 11 12 13 14 |
---------------+-------------------------------------------+-----
Dodging        | 2 3 4 5 8 9 |  9.9
Fighting       | 1 2 3 4 5 6 7 9 10 | 10.2
Evocations     | 2 3 4 5 |  5.6
Armour         | 1 2 3 4 5 6 |  6.3
Shields        | 2 3 4 5 6 7 9 10 12 | 12.1
Transmutations | 2 4 |  4.3
Spellcasting   | 3 4 6 8 9 11 | 11.3
Poison Magic   | 2 4 |  4.6
Translocations | 1 3 |  3.7
Air Magic      | 1 4 |  4.1
Conjurations   | 5 |  5.6
Staves         | |  1.0
Ice Magic      | |  1.0

Action                   |  1- 3 |  4- 6 |  7- 9 | 10-12 | 13-15 || total
-------------------------+-------+-------+-------+-------+-------++-------
Melee: Quarterstaff      |    97 |    88 |       |       |       ||   185
       Whip              |       |    35 |   250 |   593 |   700 ||  1578
       Trident           |       |    50 |       |       |       ||    50
       Hand axe          |       |     3 |   110 |       |       ||   113
       Flail             |       |       |   107 |       |       ||   107
       Short sword       |       |       |       |   208 |   235 ||   443
       Scimitar          |       |       |       |       |    13 ||    13
Throw: Javelin           |       |    13 |     6 |    15 |    20 ||    54
       Stone             |       |     2 |       |       |       ||     2
       Boomerang         |       |       |       |    10 |       ||    10
       Dart              |       |       |       |    45 |     2 ||    47
 Cast: Blink             |       |       |       |    22 |    25 ||    47
       Mephitic Cloud    |       |       |       |    38 |    85 ||   123
       Sticks to Snakes  |       |       |       |    21 |    54 ||    75
       Ignite Poison     |       |       |       |       |     6 ||     6
Invok: Call Merchant     |       |       |       |     2 |     2 ||     4
Evoke: Lamp of fire      |     1 |     2 |     1 |     2 |     1 ||     7
       Wand              |       |       |     3 |    31 |    33 ||    67
       Sack of spiders   |       |       |       |       |     2 ||     2
       Phantom mirror    |       |       |       |       |     1 ||     1
  Use: Scroll            |     2 |     2 |    17 |    10 |    19 ||    50
       Potion            |       |       |     2 |     2 |    18 ||    22
 Stab: Confused          |       |       |       |    13 |    44 ||    57
       Paralysed         |       |       |       |    20 |    27 ||    47
       Distracted        |       |       |       |     2 |     6 ||     8
       Sleeping          |       |       |       |     1 |     2 ||     3
  Eat: Chunk             |     5 |     8 |     6 |       |       ||    19
       Ration            |       |       |     5 |    11 |    14 ||    30
Armor: Robe              |    13 |       |       |   240 |   267 ||   520
       Ring mail         |    15 |    11 |       |       |       ||    26
       Scale mail        |       |    83 |   194 |    46 |       ||   323
Dodge: Dodged            |    87 |    92 |   220 |   555 |   770 ||  1724
Block: Buckler           |       |    20 |    80 |   287 |   454 ||   841
